 Dungeon Crawl Stone Soup version 0.31-b1-20-g67cafac56d (webtiles) character file.

Game seed: 5100519505427232475

228162 groovy9 the Blocker (level 19, -2/154 HPs)
             Began as a Gnoll Fighter on Jan 18, 2024.
             Was an Elder of Okawaru.
             Constricted to death by Cigotuvi's Monster (8 damage)
             ... in a wizard's laboratory.
             The game lasted 02:02:24 (32567 turns).

groovy9 the Blocker (Gnoll Fighter)                Turns: 32567, Time: 02:02:24

Health: -2/154     AC: 35    Str: 26    XL:     19   Next: 41%
Magic:  22/29      EV:  9    Int:  7    God:    Okawaru [****..]
Gold:   2368       SH: 28    Dex: 14    Spells: 38/45 levels left

rFire   + . .        i - +9 war axe of the Grinning Gods {flame, rElec}
rCold   + . .        K - +2 tower shield
rNeg    . . .        X - +9 scales of the Dragon King {rPois rF+ rC+ Will+}
rPois   +            c - +2 hat {Will+}
rElec   +            k - +2 cloak
rCorr   .            C - +0 pair of gloves
SInv    +            h - +0 pair of boots "Qelurukh" {Will+}
Will    ++++.        T - amulet of reflection Stlth
                     g - +6 ring of strength
HPRegen 0.45/turn    P - ring of see invisible
MPRegen 0.21/turn

%: reflection
@: heroic, finesse-ful, constricted
A: fangs 1, strong nose, distributed training, deformed body, low MP 2, weak 1,
[inability to read after injury 1]
}: 1/15 runes: decaying
a: Renounce Religion, Heroism, Finesse


You were in a wizard's laboratory.
You worshipped Okawaru.
Okawaru was greatly pleased with you.
You visited 7 branches of the dungeon, and saw 31 of its levels.
You also visited: Bailey, Volcano and Wizlab.

You collected 3449 gold pieces.
You spent 1081 gold pieces at shops.

Inventory:

Hand Weapons
 i - the +9 war axe of the Grinning Gods (weapon) {flame, rElec}
   (You found it on level 5 of the Dungeon)

   rElec:     It insulates you from electricity.
 w - the +10 battleaxe of Plunder {antimagic, rC+ Int+2 Stlth-}
   (Okawaru gifted it to you on level 2 of the Lair of Beasts)

   Int+2:     It affects your intelligence (+2).
   rC+:       It protects you from cold.
   Stlth-:    It makes you less stealthy.
Missiles
 N - 6 silver javelins (quivered)
Armour
 c - a +2 hat of willpower (worn)
 h - the +0 pair of boots "Qelurukh" (worn) {Will+}
   (Okawaru gifted it to you on level 2 of the Lair of Beasts)

   Will+:     It increases your willpower.
 k - a +2 cloak (worn)
 C - a +0 pair of gloves (worn)
 K - a +2 tower shield (worn)
 X - the +9 scales of the Dragon King (worn) {rPois rF+ rC+ Will+}
   (You found it on level 5 of the Lair of Beasts)

   rF+:       It protects you from fire.
   rC+:       It protects you from cold.
   rPois:     It protects you from poison Will+: It increases your willpower.
Jewellery
 g - a +6 ring of strength (left hand)
 y - a ring of flight
 H - an amulet of regeneration
 M - the ring "Hiasurch" {Fly rPois rC+ Int+2}
   (You found it on level 1 of the Vaults)

   [ring of flight]

   Int+2:     It affects your intelligence (+2).
   rC+:       It protects you from cold.
   rPois:     It protects you from poison Fly: It grants you flight.
 P - a ring of see invisible (right hand)
 T - an amulet of reflection (around neck)
Wands
 U - a wand of polymorph (4)
 W - a wand of mindburst (6)
 Y - a wand of digging (9)
Scrolls
 e - 13 scrolls of teleportation
 l - 12 scrolls of identify
 m - 3 scrolls of immolation
 p - 7 scrolls of amnesia
 q - 2 scrolls of fear
 s - a scroll of silence
 x - 5 scrolls of summoning
 z - 5 scrolls of fog
 A - 10 scrolls of enchant armour
 D - 2 scrolls of enchant weapon
 R - 4 scrolls of blinking
 S - a scroll of revelation
 Z - 2 scrolls of poison
Potions
 b - 4 potions of enlightenment
 f - 4 potions of brilliance
 o - 2 potions of invisibility
 r - 4 potions of berserk rage
 t - 6 potions of ambrosia
 u - 10 potions of attraction
 B - 4 potions of resistance
 E - 11 potions of mutation
 F - 9 potions of haste
 I - 6 potions of curing
 J - a potion of magic
 L - 3 potions of cancellation
 O - 3 potions of lignification
 Q - 2 potions of might
 V - 3 potions of heal wounds
Miscellaneous
 j - a lightning rod (4/4)
 G - a phial of floods


   Skills:
 + Level 14.9(19.9) Fighting
 + Level 13.5(18.5) Short Blades
 + Level 13.5(18.5) Long Blades
 + Level 14.2(19.2) Axes
 + Level 13.5(18.5) Maces & Flails
 + Level 13.5(18.5) Polearms
 + Level 13.5(18.5) Staves
 + Level 13.5(18.5) Ranged Weapons
 + Level 13.5(18.5) Throwing
 + Level 14.9(19.9) Armour
 + Level 13.5(18.5) Dodging
 + Level 13.5(18.5) Stealth
 + Level 14.9(19.9) Shields
 + Level 13.5(18.5) Unarmed Combat
 + Level 13.5 Spellcasting
 + Level 11.4 Conjurations
 + Level 11.4 Hexes
 + Level 11.4 Summonings
 + Level 11.4 Necromancy
 + Level 11.4 Translocations
 + Level 11.4 Fire Magic
 + Level 11.4 Ice Magic
 + Level 11.4 Air Magic
 + Level 11.4 Earth Magic
 + Level 11.4 Alchemy
 + Level 14.6 Invocations
 + Level 13.5 Evocations
 + Level 12.4 Shapeshifting


You had 38 spell levels left.
You knew the following spells:

 Your Spells              Type           Power      Damage    Failure   Level
a - Ensorcelled Hibernat  Hex/Ice        40%        N/A       3%          2
b - Blink                 Tloc           40%        N/A       3%          2
c - Passwall              Erth           20%        N/A       7%          3

Your spell library contained the following spells:

 Spells                   Type           Power      Damage    Failure   Level
 Foxfire                  Conj/Fire      80%        2x1d8     2%          1
 Shock                    Conj/Air       80%        1d8       2%          1
 Cigotuvi's Dreadful Rot  Necr/Alch/Air  40%        N/A       3%          2
 Lesser Beckoning         Tloc           40%        N/A       3%          2
 Momentum Strike          Conj/Tloc      40%        3d9       3%          2
 Scorch                   Fire           40%        2d6       3%          2
 Inner Flame              Hex/Fire       20%        N/A       7%          3
 Stone Arrow              Conj/Erth      40%        3d9       7%          3
 Swiftness                Air            20%        N/A       7%          3
 Airstrike                Air            10%        2d(2-18)  24%         4
 Anguish                  Hex/Necr       10%        N/A       24%         4
 Cause Fear               Hex            10%        N/A       24%         4
 Dimensional Bullseye     Hex/Tloc       10%        N/A       24%         4
 Dispel Undead            Necr           20%        3d11      24%         4
 Flame Wave               Conj/Fire      20%        2d7       24%         4
 Iskenderun's Mystic Bla  Conj/Tloc      20%        2d6       24%         4
 Vhi's Electric Charge    Tloc/Air       40%        N/A       24%         4
 Arcjolt                  Conj/Air       10%        1d20      54%         5
 Borgnjor's Vile Clutch   Necr/Erth      10%        N/A       54%         5
 Irradiate                Conj/Alch      10%        3d15      54%         5
 Conjure Ball Lightning   Conj/Air       10%        3x3d6     98%         6
 Plasma Beam              Fire/Air       10%        2x1d21    98%         6
 Starburst                Conj/Fire      10%        6d5       98%         6
 Enfeeble                 Hex            10%        N/A       100%        7
 Ozocubu's Refrigeration  Ice            10%        4d9       100%        7
 Discord                  Hex            10%        N/A       100%        8
 Disjunction              Tloc           10%        N/A       100%        8
 Ignition                 Fire           10%        3d5       100%        8
 Lehudib's Crystal Spear  Conj/Erth      10%        10d4      100%        8
 Maxwell's Capacitive Co  Air            10%        ∞         100%        8
 Polar Vortex             Ice            10%        12d1*     100%        9
 Tukima's Dance           Hex            Unusable   N/A       N/A         3
 Animate Armour           Summ/Erth      Unusable   N/A       N/A         4
 Animate Dead             Necr           Unusable   N/A       N/A         4
 Martyr's Knell           Necr/Summ      Unusable   N/A       N/A         4
 Death Channel            Necr           Unusable   N/A       N/A         6
 Sculpt Simulacrum        Ice/Alch       Unusable   N/A       N/A         6
 Summon Cactus Giant      Summ           Unusable   N/A       N/A         6

Dungeon Overview and Level Annotations

Branches:
Dungeon (14/15)            Temple (1/1) D:7            Lair (5/5) D:9
  Swamp (4/4) Lair:2        Snake (3/4) Lair:2        Slime (0/5) Lair:5
    Orc (2/2) D:11            Elf (0/3) Orc:2        Vaults (2/5) D:13
 Bailey (visited)         Volcano (visited)          WizLab (1/1)
  Crypt: Vaults:2-3

Altars:
Ashenzari
Cheibriados
Dithmenos
Elyvilon
Fedhas
Gozag
Hepliaklqana
Kikubaaqudgha
Makhleb
Nemelex Xobeh
Okawaru
Qazlal
Ru
Sif Muna
Trog
Uskayaw
Vehumet
Wu Jian
Xom
Yredelemnul
Zin
The Shining One

Shops:
D:1 (   D:7 ?!=(   D:8 *   D:10 [   Orc:1 :   Orc:2 !=(:*   Vaults:1 (

Annotations:
Lair:5 exclusion: 3 oklob plants


Innate Abilities, Weirdness & Mutations

You have very sharp teeth.
Your uncanny sense of smell can sniff out nearby items.
Your experience applies equally to all skills.
Armour fits poorly on your strangely shaped body.
Your magical capacity is very low. (-20% MP)
You are weak. (Str -2)
[You occasionally lose the ability to read scrolls when taking damage.]


Message History

Cigotuvi's Monster hits you! Cigotuvi's Monster tramples you.
You hold your ground!
Cigotuvi's Monster tramples you.
You hold your ground!
You block Cigotuvi's Monster's attack.
You can now deal lightning-fast blows.
Cigotuvi's Monster closely misses you.
Cigotuvi's Monster tramples you but does no damage.
You block Cigotuvi's Monster's attack. Cigotuvi's Monster grabs you.
Cigotuvi's Monster constricts you!
* * * LOW HITPOINT WARNING * * *
You gain the combat prowess of a mighty hero.
You can no longer enter into single combat with a foe.
Okawaru will no longer gift you throwing weapons.
You block Cigotuvi's Monster's attack.
Cigotuvi's Monster tramples you but does no damage.
You block Cigotuvi's Monster's attack. Cigotuvi's Monster constricts you!
* * * LOW HITPOINT WARNING * * *
You slash Cigotuvi's Monster! You burn Cigotuvi's Monster.
Cigotuvi's Monster is moderately wounded.
You block Cigotuvi's Monster's attack. x3; Cigotuvi's Monster constricts you!
* * * LOW HITPOINT WARNING * * *
You hit Cigotuvi's Monster. You burn Cigotuvi's Monster.
Cigotuvi's Monster is moderately wounded.
You slash Cigotuvi's Monster! You burn Cigotuvi's Monster.
Cigotuvi's Monster is heavily wounded.
You hit Cigotuvi's Monster but do no damage.
Cigotuvi's Monster is heavily wounded.
You block Cigotuvi's Monster's attack. x2
Cigotuvi's Monster tramples you but does no damage.
Cigotuvi's Monster constricts you!
* * * LOW HITPOINT WARNING * * *
You barely miss Cigotuvi's Monster.
Cigotuvi's Monster is heavily wounded.
You barely miss Cigotuvi's Monster.
You bite Cigotuvi's Monster, but do no damage.
Cigotuvi's Monster is heavily wounded.
Cigotuvi's Monster hits you but does no damage.
You block Cigotuvi's Monster's attack. Cigotuvi's Monster tramples you!
* * * LOW HITPOINT WARNING * * *
You are held in place!
Cigotuvi's Monster constricts you!
You die...

### ### ### #∩# ####
###.####.:. ###'###...#
#.....#.... .#...#.....
.......... .#...#o....
#......... u#...#ue...
#......... ##...######
#XuX...... ###'####..#
#H## .#...##.... #.@# ∆∆
.#...#uu.§. #..# ####
o#...#uu... #..####..##
p#...##.... #...##....#
###'####..# ##...'....#
.#...#.#### #...#....#
x#...#..### ##'#####.##
u#...#p....####...######
##...#e....#.........####


You could see a green very ugly thing, Cigotuvi's Monster and a large
abomination.

Vanquished Creatures
  Bai Suzhen (Arena)
  Saint Roka (Arena)
  Jorgrun (D:14)
  Asterion (Snake:2)
  Gastronok (D:8)
  A tengu reaver (Vaults:1)
  2 thorn hunters
  Aizul (Snake:2)
  2 fenstrider witches
  The ghost of Cown the Bludgeoner, a journeyman TrHu of Yredelemnul (D:14)
  A formless jellyfish (Vaults:1)
  A stone giant (D:14)
  4 ironbound preservers
  An ironbound thunderhulk (Vaults:1)
  6 eleionomae
  The ghost of BigPumpCobain the Severer, a journeyman MiBe of Trog (D:11)
  5 dire elephants (Vaults:1)
  5 bunyips
  Snorg (D:10)
  A merfolk javelineer (D:14)
  4 yaktaur captains (Vaults:1)
  A merfolk impaler (D:14)
  A shambling mangrove (Arena)
  A great orb of eyes (Vaults:1)
  A radroach (WizLab)
  24 hydras
  An ogre mage (D:13)
  The ghost of laqueoix the Grappler, a journeyman DrSh of Gozag (Lair:1)
  13 alligators
  10 ghost crabs
  7 anacondas
  8 centaur warriors
  A dancing weapon (Lair:1)
  4 ironbound frosthearts (Vaults:1)
  4 boulder beetles
  5 two-headed ogres
  7 naga warriors
  Urug (D:10)
  9 naga sharpshooters
  A hell hog (Volcano)
  4 shock serpents
  A deep elf knight (D:14)
  A fire crab (Volcano)
  Nergalle (D:10)
  4 salamander mystics (Snake:2)
  5 goliath frogs
  4 skeletal warriors (D:13)
  15 spriggan druids
  4 skysharks
  4 mana vipers
  4 large abominations (WizLab)
  The ghost of hawla the Gouger, a novice FeSh (D:10)
  5 ironbound convokers (Vaults:1)
  8 swamp dragons (Swamp:4)
  5 bog bodies
  16 deep trolls
  Pikel (D:8)
  3 naga ritualists (Snake:2)
  A necromancer (Swamp:1)
  2 arcanists (Vaults:1)
  2 deep elf pyromancers
  8 lindwurms
  2 orc knights
  An orc sorcerer (Snake:2)
  18 ugly things
  A wolf spider (D:10)
  11 salamanders
  3 will-o-the-wisps
  3 meliai (D:13)
  A faun (shapeshifter) (WizLab)
  4 elephants (Lair:2)
  2 cyclopes (D:11)
  A moth of wrath (D:10)
  6 vault sentinels (Vaults:1)
  7 naga magi
  4 apocalypse crabs (Swamp:3)
  29 black mambas
  4 gargoyles
  4 centaur skeletons (D:13)
  A molten gargoyle (Volcano)
  A yaktaur (Vaults:1)
  7 kobold blastminers
  4 rime drakes
  An unseen horror (shapeshifter) (D:14)
  22 cane toads
  3 kobold demonologists
  An unseen horror (D:8)
  8 komodo dragons
  3 freezing wraiths (Snake:2)
  14 tyrant leeches
  A bloated husk (Swamp:1)
  4 polar bears
  4 trolls
  9 hornets
  36 blink frogs
  A jumping spider (shapeshifter) (WizLab)
  12 slime creatures
  Sigmund (D:5)
  29 yaks
  11 spriggans
  6 wyverns
  3 shadows
  A wraith (D:9)
  2 vampires
  A basilisk (D:12)
  2 fire bats (Volcano)
  An iron golem (WizLab)
  3 wargs
  3 steam dragons
  A redback (D:10)
  29 vampire mosquitoes
  17 water moccasins
  17 nagas
  27 swamp worms
  Edmund (D:5)
  4 acid dragons
  2 hell hounds (Volcano)
  A sky beast (D:8)
  An ice beast (D:6)
  9 swamp drakes
  5 boggarts (D:14)
  55 orc warriors
  5 black bears
  14 ogres
  14 wolves
  14 centaurs
  4 kobold brigands
  20 bullfrogs
  6 small abominations (WizLab)
  A gnoll sergeant (D:5)
  5 wights (D:9)
  5 howler monkeys
  11 killer bees
  4 electric eels
  2 bombardier beetles
  A crimson imp (D:9)
  5 lava snakes (Volcano)
  3 jellies
  17 orc priests
  A gnoll bouda (D:9)
  2 iguanas
  21 orc wizards
  A sleepcap (D:6)
  11 gnolls
  8 adders
  4 dart slugs
  2 ribbon worms (D:3)
  126 orcs
  4 ball pythons
  6 bats
  6 endoplasms
  4 giant cockroaches
  6 goblins
  3 hobgoblins
  5 jackals
  3 quokkas
  6 frilled lizards
  27 kobolds
  5 rats
  4 spectral weapons (Snake:2)
1092 creatures vanquished.

Vanquished Creatures (others)
  An alligator (Swamp:1)
  A guardian serpent (Snake:2)
  A bloated husk (Swamp:2)
  A swamp worm (Swamp:3)
  22 foxfires
26 creatures vanquished.

Grand Total: 1118 creatures vanquished

Notes
Turn   | Place    | Note
-------+----------+-------------------------------------------
     0 | D:1      | groovy9 the Gnoll Fighter began the quest for the Orb.
     0 | D:1      | Reached XP level 1. HP: 23/23 MP: 1/1
    47 | D:1      | Found Bucepi's Weapon Shoppe.
   138 | D:1      | Reached XP level 2. HP: 29/29 MP: 2/2
   564 | D:2      | Reached XP level 3. HP: 34/35 MP: 3/3
   638 | D:2      | Reached skill level 1 in Invocations
   814 | D:2      | Reached skill level 1 in Short Blades
   814 | D:2      | Reached skill level 1 in Long Blades
   814 | D:2      | Reached skill level 1 in Maces & Flails
   814 | D:2      | Reached skill level 1 in Polearms
   814 | D:2      | Reached skill level 1 in Staves
   814 | D:2      | Reached skill level 1 in Ranged Weapons
   814 | D:2      | Reached skill level 1 in Throwing
   814 | D:2      | Reached skill level 1 in Dodging
   814 | D:2      | Reached skill level 1 in Stealth
   814 | D:2      | Reached skill level 1 in Unarmed Combat
   814 | D:2      | Reached skill level 1 in Spellcasting
   814 | D:2      | Reached skill level 1 in Evocations
   873 | D:2      | Found a faded altar of an unknown god.
  1081 | D:3      | Reached skill level 1 in Shapeshifting
  1081 | D:3      | Reached XP level 4. HP: 41/41 MP: 5/5
  1333 | D:3      | Reached skill level 1 in Conjurations
  1333 | D:3      | Reached skill level 1 in Hexes
  1333 | D:3      | Reached skill level 1 in Summonings
  1333 | D:3      | Reached skill level 1 in Necromancy
  1333 | D:3      | Reached skill level 1 in Translocations
  1333 | D:3      | Reached skill level 1 in Fire Magic
  1333 | D:3      | Reached skill level 1 in Ice Magic
  1333 | D:3      | Reached skill level 1 in Air Magic
  1333 | D:3      | Reached skill level 1 in Earth Magic
  1333 | D:3      | Reached skill level 1 in Alchemy
  1513 | D:3      | Reached XP level 5. HP: 44/47 MP: 7/7
  2366 | D:4      | Reached XP level 6. HP: 48/53 MP: 8/8
  2560 | D:4      | Reached skill level 5 in Axes
  2685 | D:4      | Found a white marble altar of Elyvilon.
  2899 | D:4      | Found an ancient bone altar of Kikubaaqudgha.
  2901 | D:4      | Found a blossoming altar of Fedhas.
  3033 | D:5      | Entered Level 5 of the Dungeon
  3033 | D:5      | Found a radiant altar of Vehumet.
  3158 | D:5      | Noticed Edmund
  3174 | D:5      | Killed Edmund
  3175 | D:5      | Reached XP level 7. HP: 33/60 MP: 10/10
  3453 | D:5      | Noticed Sigmund
  3463 | D:5      | Identified the +9 war axe of the Grinning Gods {flame,
                  | rElec}
  3654 | D:5      | Reached XP level 8. HP: 67/67 MP: 12/12
  3680 | D:5      | Killed Sigmund
  3812 | D:5      | Found a glowing silver altar of Zin.
  4920 | D:6      | Reached XP level 9. HP: 69/73 MP: 14/14
  5263 | D:7      | Found Qesepseam's Distillery.
  5282 | D:7      | Found Waifuoch's Antique Weapon Shoppe.
  5296 | D:7      | Bought a potion of degeneration for 12 gold pieces
  5419 | D:7      | Found Gineisop's Magic Scroll Emporium.
  5427 | D:7      | Bought a scroll of identify for 22 gold pieces
  5427 | D:7      | Bought a scroll of identify for 22 gold pieces
  5427 | D:7      | Bought a scroll of identify for 22 gold pieces
  5653 | D:7      | Found Qohaig's Jewellery Shop.
  5914 | D:7      | Found a staircase to the Ecumenical Temple.
  5919 | Temple   | Entered the Ecumenical Temple
  5935 | Temple   | Became a worshipper of Warmaster Okawaru
  6138 | D:8      | Noticed Gastronok
  6150 | D:8      | Killed Gastronok
  6150 | D:8      | Reached * piety under Okawaru
  6150 | D:8      | Reached ** piety under Okawaru
  6151 | D:8      | Reached skill level 5 in Short Blades
  6151 | D:8      | Reached skill level 5 in Long Blades
  6151 | D:8      | Reached skill level 5 in Maces & Flails
  6151 | D:8      | Reached skill level 5 in Polearms
  6151 | D:8      | Reached skill level 5 in Staves
  6151 | D:8      | Reached skill level 5 in Ranged Weapons
  6151 | D:8      | Reached skill level 5 in Throwing
  6151 | D:8      | Reached skill level 5 in Dodging
  6151 | D:8      | Reached skill level 5 in Stealth
  6151 | D:8      | Reached skill level 5 in Unarmed Combat
  6151 | D:8      | Reached skill level 5 in Spellcasting
  6151 | D:8      | Reached skill level 5 in Invocations
  6151 | D:8      | Reached skill level 5 in Evocations
  6151 | D:8      | Reached XP level 10. HP: 48/81 MP: 15/17
  6408 | D:8      | Killed an unseen horror
  6569 | D:8      | Found Daarghag's Desiderata Depot.
  6854 | D:8      | Noticed Pikel
  6866 | D:8      | Killed Pikel
  6866 | D:8      | Reached *** piety under Okawaru
  6867 | D:8      | Reached skill level 5 in Shapeshifting
  7178 | D:9      | Found a shimmering altar of Xom.
  7178 | D:9      | Found a burning altar of Makhleb.
  7412 | D:9      | Noticed a +0 dagger
  7412 | D:9      | Noticed a +0 short sword
  7413 | D:9      | Noticed a +0 short sword
  7414 | D:9      | Noticed a +0 falchion
  7414 | D:9      | Noticed a +0 spear
  7414 | D:9      | Noticed a +0 falchion
  7415 | D:9      | Noticed a +0 spear
  7415 | D:9      | Noticed a +0 dagger
  7609 | D:9      | Found a flagged portal.
  7621 | Bailey   | Entered a bailey
  7721 | Bailey   | Reached **** piety under Okawaru
  7727 | Bailey   | Noticed a two-headed ogre
  7733 | Bailey   | Killed a two-headed ogre
  7734 | Bailey   | Reached skill level 5 in Conjurations
  7734 | Bailey   | Reached skill level 5 in Hexes
  7734 | Bailey   | Reached skill level 5 in Summonings
  7734 | Bailey   | Reached skill level 5 in Necromancy
  7734 | Bailey   | Reached skill level 5 in Translocations
  7734 | Bailey   | Reached skill level 5 in Fire Magic
  7734 | Bailey   | Reached skill level 5 in Ice Magic
  7734 | Bailey   | Reached skill level 5 in Air Magic
  7734 | Bailey   | Reached skill level 5 in Earth Magic
  7734 | Bailey   | Reached skill level 5 in Alchemy
  7734 | Bailey   | Reached XP level 11. HP: 47/89 MP: 18/20
  7919 | Bailey   | Identified the +1 fire dragon scales "Nuzxid" {rF++ rC-
                  | MP+9 Dex+2 Stlth+}
  7920 | Bailey   | Identified the +7 fire dragon scales of Context {rPois rF++
                  | rC- Will+}
  8193 | D:9      | Reached ***** piety under Okawaru
  8194 | D:9      | Found a staircase to the Lair.
  8412 | D:9      | Found a hide-covered altar of Uskayaw.
  8552 | D:7      | Bought an amulet of regeneration for 450 gold pieces
  8612 | D:10     | Entered Level 10 of the Dungeon
  8615 | D:10     | Noticed Nergalle
  8618 | D:10     | Noticed a moth of wrath
  8626 | D:10     | Killed Nergalle
  8653 | D:10     | Found a transporter.
  8682 | D:10     | Noticed a wolf spider
  8734 | D:10     | Noticed Snorg
  8749 | D:10     | Killed Snorg
  8846 | D:10     | Noticed Urug
  8877 | D:10     | Killed Urug
  9089 | D:10     | Found a shimmering blue altar of Sif Muna.
  9097 | D:10     | Received a gift from Okawaru
  9121 | D:10     | Found a snail-covered altar of Cheibriados.
  9342 | D:10     | Found Lodbrok's Dragon-Slaying Spoils.
  9480 | D:10     | Found a transporter.
  9514 | D:10     | Noticed hawla's ghost (novice FeSh)
  9639 | D:10     | Killed a moth of wrath
  9639 | D:10     | Received a gift from Okawaru
  9641 | D:10     | Killed a wolf spider
  9643 | D:10     | Killed hawla's ghost
  9644 | D:10     | Reached XP level 12. HP: 87/97 MP: 15/22
  9726 | D:10     | Learned a level 2 spell: Ensorcelled Hibernation
  9813 | D:11     | Found a bloodstained altar of Trog.
 10158 | D:11     | Received a gift from Okawaru
 10268 | D:11     | Found a staircase to the Orcish Mines.
 10430 | D:11     | Found a runed translucent gate.
 10430 | D:11     | Found a runed translucent gate.
 10430 | D:11     | Found a runed translucent gate.
 10435 | D:11     | Noticed BigPumpCobain's ghost (journeyman MiBe)
 10437 | D:11     | Identified the +3 plate armour of Ru's Condemnation {Int+4
                  | Dex+5}
 10447 | D:11     | Reached skill level 10 in Fighting
 10447 | D:11     | Reached skill level 10 in Armour
 10447 | D:11     | Reached skill level 10 in Shields
 10475 | D:11     | Killed BigPumpCobain's ghost
 10618 | Lair:1   | Entered Level 1 of the Lair of Beasts
 10618 | Lair:1   | Noticed laqueoix's ghost (journeyman DrSh)
 10618 | Lair:1   | Found a runed translucent door.
 10618 | Lair:1   | Found a shimmering altar of Xom.
 10977 | Lair:1   | Received a gift from Okawaru
 11250 | Lair:1   | Killed laqueoix's ghost
 11488 | Lair:2   | Reached XP level 13. HP: 91/104 MP: 25/25
 11516 | Lair:2   | Found a staircase to the Swamp.
 11800 | Lair:2   | Found a staircase to the Snake Pit.
 12169 | Lair:2   | Reached ****** piety under Okawaru
 12170 | Lair:2   | Acquired the +0 pair of boots "Qelurukh" {Will+}
 12170 | Lair:2   | Received a gift from Okawaru
 12183 | Lair:2   | Acquired the +10 battleaxe of Plunder {antimagic, rC+ Int+2
                  | Stlth-}
 12183 | Lair:2   | Received a gift from Okawaru
 12462 | Lair:3   | Found a transporter.
 12551 | Lair:3   | Found a transporter.
 12564 | Lair:3   | Received a gift from Okawaru
 13264 | Lair:4   | Found a dark tunnel.
 13347 | Volcano  | Entered a volcano
 13635 | Volcano  | Reached skill level 10 in Axes
 13700 | Volcano  | Found a radiant altar of Vehumet.
 14180 | Lair:4   | Received a gift from Okawaru
 14221 | Lair:4   | Learned a level 2 spell: Blink
 14365 | Lair:4   | Reached XP level 14. HP: 113/113 MP: 27/27
 14366 | Lair:4   | Reached skill level 10 in Invocations
 14497 | Lair:4   | Learned a level 3 spell: Passwall
 14758 | Lair:5   | Entered Level 5 of the Lair of Beasts
 14978 | Lair:5   | Received a gift from Okawaru
 15188 | Lair:5   | Found the +9 scales of the Dragon King {rPois rF+ rC+
                  | Will+}
 15397 | Lair:5   | Received a gift from Okawaru
 15566 | Lair:5   | Identified the +1 chain mail of Niyreolo {rF++ rN+}
 15767 | Lair:5   | Found a staircase to the Slime Pits.
 16282 | Orc:1    | Entered Level 1 of the Orcish Mines
 16282 | Orc:1    | Found a burning altar of Makhleb.
 16321 | Orc:1    | Found Iseefah's Book Emporium.
 16738 | Orc:2    | Entered Level 2 of the Orcish Mines
 16738 | Orc:2    | Found Roirekica's General Store.
 16747 | Orc:2    | Reached skill level 10 in Short Blades
 16747 | Orc:2    | Reached skill level 10 in Long Blades
 16747 | Orc:2    | Reached skill level 10 in Maces & Flails
 16747 | Orc:2    | Reached skill level 10 in Polearms
 16747 | Orc:2    | Reached skill level 10 in Staves
 16747 | Orc:2    | Reached skill level 10 in Ranged Weapons
 16747 | Orc:2    | Reached skill level 10 in Throwing
 16747 | Orc:2    | Reached skill level 10 in Dodging
 16747 | Orc:2    | Reached skill level 10 in Stealth
 16747 | Orc:2    | Reached skill level 10 in Unarmed Combat
 16747 | Orc:2    | Reached skill level 10 in Spellcasting
 16747 | Orc:2    | Reached skill level 10 in Evocations
 16900 | Orc:2    | Reached XP level 15. HP: 120/120 MP: 29/29
 16967 | Orc:2    | Bought a scroll of poison for 52 gold pieces
 17293 | Orc:2    | Received a gift from Okawaru
 17441 | Orc:2    | Found a staircase to the Elven Halls.
 17643 | Orc:2    | Found Kairryal's Antique Weapon Shop.
 17643 | Orc:2    | Found Odiatenya's Jewellery Emporium.
 17645 | Orc:2    | Found Liga's Distillery.
 17647 | Orc:2    | Found Ceraunu's Book Boutique.
 17654 | Orc:2    | Bought a potion of might for 48 gold pieces
 17654 | Orc:2    | Bought a potion of mutation for 96 gold pieces
 17654 | Orc:2    | Bought a potion of lignification for 36 gold pieces
 17654 | Orc:2    | Bought a potion of curing for 36 gold pieces
 17654 | Orc:2    | Bought a potion of heal wounds for 60 gold pieces
 17897 | Snake:1  | Entered Level 1 of the Snake Pit
 19009 | Snake:1  | Received a gift from Okawaru
 19257 | Swamp:1  | Entered Level 1 of the Swamp
 19483 | Swamp:1  | Noticed a fenstrider witch
 19489 | Arena    | Entered the Arena
 19503 | Arena    | Killed a fenstrider witch
 20212 | Swamp:1  | Identified the +3 great sword of the Ninety-Nine Wishes
                  | {freeze, rF+ rCorr Str+4 Stlth-}
 20351 | Swamp:1  | Reached skill level 10 in Shapeshifting
 20478 | Swamp:1  | Received a gift from Okawaru
 20657 | Swamp:2  | Noticed a fenstrider witch
 20663 | Arena    | Entered the Arena
 20671 | Arena    | Reached XP level 16. HP: 27/126 MP: 23/30
 20691 | Swamp:1  | Killed a fenstrider witch
 21022 | Swamp:2  | Received a gift from Okawaru
 21692 | Swamp:3  | Noticed a thorn hunter
 21710 | Swamp:3  | Killed a thorn hunter
 22016 | Arena    | Entered the Arena
 22313 | Swamp:3  | Found a runed translucent door.
 22427 | Arena    | Entered the Arena
 22469 | Arena    | Entered the Arena
 23352 | Swamp:4  | Entered Level 4 of the Swamp
 23657 | Swamp:4  | Reached XP level 17. HP: 137/137 MP: 32/32
 23738 | Swamp:4  | Received a gift from Okawaru
 23739 | Swamp:4  | Reached skill level 10 in Conjurations
 23739 | Swamp:4  | Reached skill level 10 in Hexes
 23739 | Swamp:4  | Reached skill level 10 in Summonings
 23739 | Swamp:4  | Reached skill level 10 in Necromancy
 23739 | Swamp:4  | Reached skill level 10 in Translocations
 23739 | Swamp:4  | Reached skill level 10 in Fire Magic
 23739 | Swamp:4  | Reached skill level 10 in Ice Magic
 23739 | Swamp:4  | Reached skill level 10 in Air Magic
 23739 | Swamp:4  | Reached skill level 10 in Earth Magic
 23739 | Swamp:4  | Reached skill level 10 in Alchemy
 23844 | Arena    | Entered the Arena
 23987 | Swamp:4  | Got a decaying rune of Zot
 24105 | Swamp:4  | Noticed Bai Suzhen
 24120 | Arena    | Entered the Arena
 24160 | Arena    | Killed Bai Suzhen
 25508 | D:7      | Bought a ring of see invisible for 225 gold pieces
 25776 | D:13     | Found a gate to the Vaults.
 26039 | D:13     | Received a gift from Okawaru
 26961 | D:14     | Found a runed translucent gate.
 26963 | D:14     | Found a runed translucent gate.
 26964 | D:14     | Found a runed translucent gate.
 26965 | D:14     | Noticed Cown's ghost (journeyman TrHu)
 27108 | D:14     | Noticed Jorgrun
 27124 | D:14     | Killed Jorgrun
 27620 | D:14     | Found an iron altar of Okawaru.
 27646 | D:14     | Killed Cown's ghost
 27647 | D:14     | Reached XP level 18. HP: 146/146 MP: 29/34
 27678 | D:14     | Received a gift from Okawaru
 28100 | Snake:2  | Found a runed translucent door.
 28292 | Snake:2  | Identified the +6 quarterstaff "Kixkac" {protect, rC+++
                  | Str-3 Int-4 SInv}
 28466 | Snake:2  | Noticed Asterion
 28609 | Snake:2  | Received a gift from Okawaru
 28819 | Snake:2  | Noticed Saint Roka
 28973 | Arena    | Entered the Arena
 28990 | Arena    | Killed Saint Roka
 29267 | Snake:2  | Identified the serpent talisman of Sin {+Blink Dex+7}
 29267 | Snake:2  | Noticed Aizul
 29283 | Snake:2  | Killed Aizul
 29518 | Snake:2  | Killed Asterion
 29823 | Vaults:1 | Entered Level 1 of the Vaults
 30327 | Vaults:1 | Received a gift from Okawaru
 30484 | Vaults:1 | Reached XP level 19. HP: 119/153 MP: 34/36
 31188 | Vaults:1 | Found Kistrim's Antique Weapon Shoppe.
 31295 | Vaults:1 | Identified the ring "Hiasurch" {Fly rPois rC+ Int+2}
 31830 | Vaults:2 | Found a magical portal.
 31839 | WizLab   | Entered Cigotuvi's Fleshworks
 31900 | WizLab   | Received a gift from Okawaru
 31909 | WizLab   | Gained mutation: You have hidden genetic defects.
                  | [mutagenic glow]
 31927 | WizLab   | Lost mutation: You have hidden genetic defects. [mutagenic
                  | glow]
 31951 | WizLab   | Gained mutation: You are weak. (Str -2) [mutagenic glow]
 31970 | WizLab   | Gained mutation: You occasionally lose the ability to drink
                  | potions when taking damage. [mutagenic glow]
 31979 | WizLab   | Gained mutation: Your magical capacity is low. (-10% MP)
                  | [mutagenic glow]
 31998 | WizLab   | Gained mutation: You do not regenerate when monsters are
                  | visible. [mutagenic glow]
 32016 | WizLab   | Gained mutation: You are frail. (-10% HP) [mutagenic glow]
 32028 | WizLab   | Lost mutation: You do not regenerate when monsters are
                  | visible. [potion of mutation]
 32028 | WizLab   | Lost mutation: You are frail. (-10% HP) [potion of
                  | mutation]
 32028 | WizLab   | Lost mutation: You occasionally lose the ability to drink
                  | potions when taking damage. [potion of mutation]
 32045 | WizLab   | Gained mutation: Armour fits poorly on your strangely
                  | shaped body. [mutagenic glow]
 32058 | WizLab   | Gained mutation: Your magical capacity is very low. (-20%
                  | MP) [mutagenic glow]
 32084 | WizLab   | Gained mutation: You are vulnerable to cold. (rC-)
                  | [mutagenic glow]
 32169 | WizLab   | Lost mutation: You are vulnerable to cold. (rC-) [mutagenic
                  | glow]
 32567 | WizLab   | HP: 6/154 [Cigotuvi's Monster (8)]
 32567 | WizLab   | Constricted to death by Cigotuvi's Monster

Illustrated notes

Levels and vault maps discovered:
D:1:      saegor_arrival_fortress, layout_rooms, serial_shops,
          nicolae_shop_bloodbath_and_beyond
D:2:      layout_rooms, ebering_ecumenical_altar_mist,
          chequers_serial_rivers_micro_e, serial_bayou_pond_b
D:3:      layout_loops_ring, minmay_misc_feat_chi
D:4:      layout_gridville, minitemple, serial_glass, glass_columns_c,
          glass_columns_c, glass_columns_a, glass_columns_b, glass_columns_b
D:5:      layout_rooms, general_overflow_altar, vehumet_altar_wand_db,
          serial_bayou_lake_a, uniq_sigmund, uniq_edmund
D:6:      layout_gridville, kennysheep_potato
D:7:      layout_loops_cross, temple_doors_cd, serial_shops, shop,
          nicolae_shop_trees, nicolae_shop_tiny_waterfront, shop
D:8:      layout_gridville, nicolae_alphabet_shops, minivault_1, uniq_gastronok,
          uniq_pikel
D:9:      layout_loops_ring, grunt_temple_overflow_champion_of_chaos,
          nicolae_uskayaw_en_pointe, david_lair_shrubbed, enter_bailey_4,
          kennysheep_path_1
D:10:     layout_basic, lemuel_crystal_altar, kennysheep_slug_shrine,
          gammafunk_ghost_berserking_beasts, nicolae_shop_dragon_depot,
          uniq_urug, uniq_nergalle, uniq_snorg
D:11:     layout_irregular_city, erik_orc_2, biasface_ghost_orc_armoury,
          trog_three_pillars_becter
D:12:     layout_roguey [special_room_orc]
D:13:     layout_grid_maze, hangedman_vaults_entry_quadrant_bands,
          small_chamber_with_monster
D:14:     layout_loops_cross, gammafunk_ghost_fury_of_okawaru, uniq_jorgrun
Temple:   hc_temple_tempest_star
Lair:1:   layout_chaotic_city, ebering_ghost_xom
Lair:2:   layout_cave_pods, palyth_hydra_swamp_entry,
          guppyfry_snake_entry_island, grunt_megastairs_3
Lair:3:   gammafunk_worm_tunnel, layout_loops_ring, serial_bayou_shore_a
Lair:4:   cheibrodos_lair_overgrown_chateau, layout_loops_ring,
          nicolae_volcano_entry_two_sided
Lair:5:   minmay_lair_end_frog_pond, layout_regular_city,
          minmay_slime_entry_oklob_enclosed, chequers_serial_rivers_micro_a
Swamp:1:  nicolae_swamp_standing_stones, layout_falls_marsh,
          hangedman_swamp_blocks
Swamp:2:  layout_basic_swamp, nicolae_swamp_tree_isthmus
Swamp:3:  gammafunk_mikee_crab_dinner, layout_basic_swamp,
          evilmike_swamp_ruin_house_1, nicolae_swamp_bean_lake
Swamp:4:  swamp, layout_basic_swamp, uniq_bai_suzhen
Snake:1:  layout_misc_corridors, serial_library_hellmonk_layered_room
Snake:2:  layout_gridlike, portal_ice_cave_entry_frozen_things, lightli_airlock,
          uniq_aizul, uniq_saint_roka, uniq_asterion
Snake:3:  layout_gridlike, uniq_vashnia, uniq_agnes
Orc:1:    layout_caves, serial_shops, shop, basic_altar, blackcustard_rock_pile
Orc:2:    st_orc_rangers, layout_caves, serial_shops, shop_statue
Vaults:1: hangedman_vaults_slice, nicolae_vaults_triangles,
          serial_library_regret_index_small_wings, vaults_room_octagon,
          vaults_mumra_hexcomb, hangedman_vaults_nodes,
          nicolae_vaults_closet_pinwheel_6, nicolae_vaults_diagonal_hallway_6,
          grunt_vaults_swirl, vaults_dpeg_hooks, nicolae_vaults_house_2,
          layout_vaults_ring, serial_shops, shop_coins
Vaults:2: mu_enter_wizlab_5, nicolae_vaults_wrenched, v_misc_18,
          minmay_crypt_entry_skeletal_spiral, nicolae_vaults_network_barrier,
          nicolae_vaults_little_squares_5, nicolae_vaults_trapezoid_2,
          nicolae_vaults_diamond_1, layout_vaults_omnigrid
WizLab:   wizlab_cigotuvi

Skill      XL: |  1  2  3  4  5  6  7  8  9 10 11 12 13 14 15 16 17 18 19 |
---------------+----------------------------------------------------------+-----
Invocations    | 1 2 3 4 5 6 7 8 9 10 11 12 13 14 | 14.6
Short Blades   | 1 2 3 5 6 7 8 9 10 11 12 13 | 13.5
Long Blades    | 1 2 3 5 6 7 8 9 10 11 12 13 | 13.5
Maces & Flails | 1 2 3 5 6 7 8 9 10 11 12 13 | 13.5
Polearms       | 1 2 3 5 6 7 8 9 10 11 12 13 | 13.5
Staves         | 1 2 3 5 6 7 8 9 10 11 12 13 | 13.5
Ranged Weapons | 1 2 3 5 6 7 8 9 10 11 12 13 | 13.5
Throwing       | 1 2 3 5 6 7 8 9 10 11 12 13 | 13.5
Dodging        | 1 2 3 5 6 7 8 9 10 11 12 13 | 13.5
Stealth        | 1 2 3 5 6 7 8 9 10 11 12 13 | 13.5
Unarmed Combat | 1 2 3 5 6 7 8 9 10 11 12 13 | 13.5
Spellcasting   | 1 2 3 5 6 7 8 9 10 11 12 13 | 13.5
Evocations     | 1 2 3 5 6 7 8 9 10 11 12 13 | 13.5
Shapeshifting  | 1 2 3 4 5 6 7 8 9 10 11 12 | 12.4
Conjurations   | 1 2 3 4 5 6 7 8 9 10 11 | 11.4
Hexes          | 1 2 3 4 5 6 7 8 9 10 11 | 11.4
Summonings     | 1 2 3 4 5 6 7 8 9 10 11 | 11.4
Necromancy     | 1 2 3 4 5 6 7 8 9 10 11 | 11.4
Translocations | 1 2 3 4 5 6 7 8 9 10 11 | 11.4
Fire Magic     | 1 2 3 4 5 6 7 8 9 10 11 | 11.4
Ice Magic      | 1 2 3 4 5 6 7 8 9 10 11 | 11.4
Air Magic      | 1 2 3 4 5 6 7 8 9 10 11 | 11.4
Earth Magic    | 1 2 3 4 5 6 7 8 9 10 11 | 11.4
Alchemy        | 1 2 3 4 5 6 7 8 9 10 11 | 11.4
Axes           | 5 6 7 8 9 10 11 12 13 14 | 14.2
Fighting       | 7 8 9 10 11 12 13 14 | 14.9
Armour         | 7 8 9 10 11 12 13 14 | 14.9
Shields        | 7 8 9 10 11 12 13 14 | 14.9

Action                     |  1- 3 |  4- 6 |  7- 9 | 10-12 | 13-15 | 16-18 | 19-21 || total
---------------------------+-------+-------+-------+-------+-------+-------+-------++-------
  Melee: War axe           |    80 |   128 |   144 |   422 |  1007 |  1650 |   261 ||  3692
         Bite              |     6 |    12 |    11 |    40 |   104 |   274 |    50 ||   497
  Throw: Javelin           |       |       |       |       |     6 |     4 |       ||    10
   Cast: Ensorcelled Hiber |       |       |       |       |     1 |       |       ||     1
 Invoke: Heroism           |       |       |       |     4 |     4 |    12 |     3 ||    23
         Finesse           |       |       |       |     2 |     3 |    11 |     1 ||    17
         Receive Weapon    |       |       |       |       |     1 |       |       ||     1
         Receive Armour    |       |       |       |       |     1 |       |       ||     1
         Duel              |       |       |       |       |     2 |     6 |       ||     8
  Evoke: Wand              |       |       |       |       |     1 |       |       ||     1
    Use: Potion            |     1 |     1 |     3 |     1 |     3 |     2 |     1 ||    12
         Scroll            |       |       |    13 |     5 |     9 |     8 |       ||    35
   Stab: Sleeping          |       |       |       |     6 |     6 |       |       ||    12
         Distracted        |       |       |       |       |     4 |       |       ||     4
         Confused          |       |       |       |       |       |     1 |       ||     1
 Armour: Scale mail        |    53 |    25 |       |       |       |       |       ||    78
         Plate armour      |       |    61 |   122 |   119 |       |       |       ||   302
         Fire dragon scale |       |       |       |   183 |   351 |       |       ||   534
         Gold dragon scale |       |       |       |       |   371 |   967 |   121 ||  1459
         Skin              |       |       |       |       |       |     1 |       ||     1
  Dodge: Dodged            |    39 |    41 |    63 |   164 |   311 |   284 |    52 ||   954
  Block: Buckler           |    27 |    34 |    42 |    57 |       |       |       ||   160
         Tower shield      |       |       |       |   144 |  1189 |  1672 |   291 ||  3296
         Reflection        |       |       |       |       |    41 |    14 |     8 ||    63
